Map: Port Aleksander LE

Players

SpaceMarine - Winner!

  • Race: Protoss Protoss
  • Spawn Location: 11:00

Basior

  • Race: Terran Terran
  • Spawn Location: 5:00

Event: IEM Season 13: Katowice (2019)

VOD

Have the link to the VOD?

Description

Time

  • Played on: Feb. 26, 2019, 4:35 a.m.
  • Length: 7:32

All games in this series

Show
View Real Time Build Order
Export as new Build Order

SpaceMarine Protoss - Winner!

Build Orders: Dark Templar Rush 

Get SALT Encoding   

  12  0:09  Pylon  
  12  0:12  Probe  
  13  0:27  Gateway, Probe  
  13  0:35  Probe  
  14  0:41  Assimilator  
  15  0:45  Probe  
  16  0:51  Assimilator  
  16  0:57  Probe  
  17  1:09  Probe  
  18  1:14  Cybernetics Core  
  18  1:21  Probe  
  19  1:31  Pylon  
  19  1:33  Probe  
  20  1:40  Adept  
  20  1:45  Probe  
  21  1:52  Robotics Facility  
  23  1:57  Probe  
  24  2:09  Warp Gate  
  24  2:10  Stalker, Probe  
  27  2:25  Pylon  
  27  2:29  Immortal  
  31  2:58  Warp Prism  
  31  3:02  Twilight Council  
  33  3:22  Gateway  
  33  3:24  Gateway  
  33  3:43  Dark Shrine  
  33  3:51  Immortal  
  37  4:13  Nexus  
  37  4:19  Probe  
  38  4:30  Pylon  
  38  4:31  Probe  
  39  4:48  Probe  
  40  5:00  Probe  
  40  5:06  Dark Templar x3  
  47  5:07  Charge  
  47  5:23  Probe  
  40  5:35  Probe  
  41  5:47  Probe  
  42  5:56  Zealot x3  
  46  5:58  Probe  
  46  5:59  Probe  
  46  6:06  Warp Prism  
  46  6:10  Probe  
  49  6:11  Probe  
  49  6:12  Forge  
  48  6:21  Zealot x3  
  48  6:23  Probe x2  
  56  6:35  Pylon  
  58  6:42  Zealot x3  
  62  6:53  Observer  
  63  7:05  Probe  
  63  7:06  Probe  
  65  7:13  Probe  
  63  7:19  Probe  
  63  7:25  Nexus  
  63  7:27  Zealot x3, Pylon  
Show
View Real Time Build Order
Export as new Build Order

Basior Terran 

Build Orders: 1/1/1, Cyclone Opening 

Get SALT Encoding   

  12  0:00  SCV  
  13  0:12  SCV  
  14  0:17  Supply Depot  
  14  0:24  SCV  
  15  0:29  Refinery  
  15  0:39  SCV  
  16  0:47  Barracks  
  16  0:51  SCV  
  17  1:03  SCV  
  18  1:15  SCV  
  19  1:34  Orbital Command  
  19  1:35  Marine  
  19  1:37  Factory  
  19  1:39  Refinery  
  20  1:49  Supply Depot  
  20  1:53  Marine  
  21  2:00  SCV  
  22  2:12  SCV  
  23  2:17  Marine  
  24  2:23  Starport  
  24  2:24  Factory Tech Lab, SCV  
  25  2:33  Supply Depot  
  25  2:35  Marine  
  25  2:36  SCV  
  27  2:43  Cyclone  
  30  2:49  SCV  
  31  2:59  Starport Tech Lab  
  31  3:03  SCV  
  31  3:18  SCV  
  31  3:19  Command Center  
  32  3:25  Siege Tank  
  35  3:29  Supply Depot  
  35  3:32  SCV  
  36  3:43  Supply Depot  
  36  4:02  Factory Tech Lab  
  36  4:05  SCV  
  37  4:11  Barracks Reactor  
  38  4:17  SCV  
  38  4:19  Supply Depot  
  38  4:20  Barracks  
  38  4:30  Siege Tank, Orbital Command, SCV  
  42  4:35  Viking  
  44  4:50  Marine x2  
  44  4:51  SCV  
  46  4:58  SCV  
  47  5:03  Refinery, SCV  
  48  5:07  Barracks Tech Lab  
  48  5:09  Starport Reactor  
  48  5:10  Siege Tank, SCV  
  52  5:18  Engineering Bay  
  49  5:32  Supply Depot  
  49  5:33  Marine x2  
  49  5:34  Marine  
  49  5:38  SCV  
  50  5:45  SCV  
  46  5:50  SCV  
  46  5:54  Missile Turret  
  41  5:57  SCV  
  41  6:03  Orbital Command, SCV, Marine x2  
  44  6:06  Marine  
  48  6:19  Missile Turret, SCV  
  48  6:22  Marine x2  
  48  6:23  Marine  
  48  6:25  Medivac  
  51  6:31  SCV  
  51  6:32  SCV  
  53  6:42  Marine x2  
  53  6:43  SCV  
  53  6:44  SCV  
  56  6:57  SCV  
  56  6:58  Marine  
  56  6:59  Marine  

Tags
 
Add a new tag
Caveats
  • Supply blocks, unpowered buildings, or Contaminate may cause inaccurate times.
  • Supply counts are checked every 10 seconds.